 Dungeon Crawl Stone Soup version 0.30.1-11-g7821555f0a (webtiles) character file.

Game seed: 16478280967999358058

6788 Kagerus the Spear-Bearer (level 11, -6/75 HPs)
             Began as a Merfolk Gladiator on Nov 4, 2023.
             Was a Believer of Hepliaklqana.
             Engulfed by a cloud of freezing vapour (17 damage)
             ... in an ice cave.
             The game lasted 00:45:20 (9496 turns).

Kagerus the Spear-Bearer (Merfolk Gladiator)        Turns: 9496, Time: 00:45:20

Health: -6/75      AC: 17    Str: 15    XL:     11   Next: 5%
Magic:  16/16      EV: 15    Int:  8    God:    Hepliaklqana [**....]
Gold:   627        SH:  8    Dex: 19    Spells: 10/16 levels left

rFire   . . .        L - +5 Force Lance {heavy, knockback}
rCold   . . .        M - +2 buckler
rNeg    . . .        N - +0 acid dragon scales
rPois   .            B - +2 hat
rElec   .            F - +1 cloak
rCorr   +            H - +0 pair of gloves
SInv    .            a - +0 pair of boots
Will    +....        k - amulet of regeneration
Stlth   +            r - ring of willpower
HPRegen 1.12/turn    n - +4 ring of protection
MPRegen 0.15/turn

%: no passive effects
@: no status effects
A: reduced essence, (nimble swimmer 2), mertail
a: Renounce Religion, Recall Ancestor, Ancestor Identity


You were in an ice cave.
You worshipped Hepliaklqana.
Hepliaklqana was pleased with you.
You visited 3 branches of the dungeon, and saw 11 of its levels.
You also visited: Ice Cave.

You collected 627 gold pieces.

Inventory:

Hand Weapons
 y - a +7 scythe of protection
 L - the +5 Force Lance (weapon) {heavy, knockback}
   (You found it on level 4 of the Dungeon)
Missiles
 d - 5 throwing nets (quivered)
 e - a javelin
 t - 7 boomerangs
Armour
 a - a +0 pair of boots (worn)
 b - a +0 leather armour
 p - the +1 kite shield of Makhleb's Delight {Dex+2}
   (You acquired it on level 8 of the Dungeon)

   Dex:       It affects your dexterity (+2).
 B - a +2 hat (worn)
 F - a +1 cloak (worn)
 H - a +0 pair of gloves (worn)
 M - a +2 buckler (worn)
 N - +0 acid dragon scales (worn)
Jewellery
 k - an amulet of regeneration (around neck)
 n - a +4 ring of protection (right hand)
 r - a ring of willpower (left hand)
 E - an amulet of the acrobat
Wands
 v - a wand of mindburst (4)
 x - a wand of roots (6)
 K - a wand of digging (1)
 O - a wand of paralysis (2)
Scrolls
 w - 2 scrolls of immolation
 A - a scroll of enchant weapon
 C - a scroll of enchant armour
 G - a scroll of fog
 I - 5 scrolls of identify
Potions
 c - a potion of lignification {unknown}
 f - a potion of haste {unknown}
 g - a potion of magic {unknown}
 h - 5 potions of brilliance
 i - a potion of cancellation {unknown}
 j - 2 potions of degeneration {unknown}
 l - 3 potions of invisibility
 q - a potion of flight {unknown}
 s - a potion of attraction {unknown}
 u - 2 potions of ambrosia {unknown}


   Skills:
 + Level 7.1 Fighting
 + Level 11.2 Polearms
 - Level 5.5 Throwing
 - Level 3.2 Armour
 - Level 7.0 Dodging
 * Level 4.0 Shields
 - Level 3.3 Spellcasting
 - Level 3.4 Conjurations
 * Level 1.6 Summonings
 - Level 2.3 Transmutations
 - Level 3.3 Air Magic
 - Level 5.0 Poison Magic


You had 10 spell levels left.
You knew the following spells:

 Your Spells              Type           Power      Damage    Failure   Level
a - Sting                 Tmut/Pois      28%        1d4       12%         1
b - Mephitic Cloud        Conj/Pois/Air  7%         N/A       32%         3
c - Call Imp              Summ           6%         N/A       41%         2

Your spell library contained the following spells:

 Spells                   Type           Power      Damage    Failure   Level
 Magic Dart               Conj           24%        1d4       14%         1
 Kiss of Death            Conj/Necr      16%        2d6       28%         1
 Swiftness                Air            6%         N/A       38%         3
 Passwall                 Tmut/Erth      2%         N/A       45%         2
 Necrotise                Necr           4%         1d4       50%         1
 Ignite Poison            Fire/Tmut/Pois 5%         N/A       52%         3
 Ensorcelled Hibernation  Hex/Ice        2%         N/A       63%         2
 Confusing Touch          Hex            1%         N/A       86%         3
 Vampiric Draining        Necr           1%         2d6       86%         3
 Sticky Flame             Conj/Fire      4%         2d3       95%         4
 Dispel Undead            Necr           1%         3d6       99%         4
 Manifold Assault         Tloc           1%         N/A       99%         4
 Agony                    Necr           1%         N/A       100%        5
 Dispersal                Tloc           0%         N/A       100%        6
 Dragon Form              Tmut           2%         N/A       100%        7
 Disjunction              Tloc           0%         N/A       100%        8
 Ignition                 Fire           0%         3d3       100%        8


Dungeon Overview and Level Annotations

Branches:
Dungeon (9/15)             Temple (1/1) D:6            Lair (1/5) D:8
  IceCv (1/1)
    Orc: D:9-12

Altars:
Ashenzari
Cheibriados
Dithmenos
Elyvilon
Gozag
Hepliaklqana
Kikubaaqudgha
Makhleb
Okawaru
Qazlal
Sif Muna
Trog
Uskayaw
Vehumet
Xom
Zin
The Shining One
Lugonu

Shops:
D:8 *

Annotations:
D:4 2 transporters, Edmund; tykejmi's ghost, amateur MiHu
D:8 2 transporters, 1 runed translucent door, exclusion: door, Suitcaser's ghost, novice DENe


Innate Abilities, Weirdness & Mutations

Your life essence is reduced to manifest your ancestor. (-10% HP)
((You are very nimble when in or above water. (Stealth+, EV+, Speed+++)))
Your lower body shifts to a powerful aquatic tail in water.


Message History

The ice devil is moderately wounded.
You are engulfed in freezing vapours.
You block the ice devil's attack.
Chitauli is engulfed in freezing vapours.
The ice devil barely misses you.
Unknown command.
You hit the ice devil.
The ice devil is moderately wounded.
You are engulfed in freezing vapours.
* * * LOW HITPOINT WARNING * * *
Chitauli is engulfed in freezing vapours.
You block the ice devil's attack.
You feel much better.
You are engulfed in freezing vapours.
* * * LOW HITPOINT WARNING * * *
You feel yourself speed up.
Chitauli is engulfed in freezing vapours.
You block the ice devil's attack.
Okay, then.
You feel better.
You are engulfed in freezing vapours.
* * * LOW HITPOINT WARNING * * *
Chitauli is engulfed in freezing vapours.
You block the ice devil's attack.
Okay, then.
You feel better.
You are engulfed in freezing vapours.
The freezing wraith seems less confused.
Chitauli is engulfed in freezing vapours.
The ice devil hits you!
* * * LOW HITPOINT WARNING * * *
The ice devil freezes you!
* * * LOW HITPOINT WARNING * * *
You feel better.
You are engulfed in freezing vapours.
* * * LOW HITPOINT WARNING * * *
Chitauli is engulfed in freezing vapours.
Chitauli hits the freezing wraith with a +0 dagger of draining!
The freezing wraith is destroyed!
The ice devil barely misses you.
Chitauli is engulfed in freezing vapours.
Chitauli is destroyed!
Your Shields skill increases to level 4!
You feel better.
You are engulfed in freezing vapours.
You die...

#..## #..##### ##
### ##..##.#
.###... ##...☼..##
....... ##..R#☼..°#
.......
#...###○.○##.....Z.
#...##○°§.......Z..
##...##☼§°#4#....
##...###§☼@## ..
##.....######
#...∩...# #.......#
##..∩..## ##...##
#####


You could see an ice devil.

Vanquished Creatures
  A boulder beetle (D:8)
  Pikel (D:7)
  Joseph (D:7)
  A cane toad (Lair:1)
  Maggie (D:7)
  A troll (D:5)
  Prince Ribbit (D:5)
  Grinder (D:3)
  3 slime creatures (D:8)
  Sigmund (D:4)
  A wraith (D:8)
  A death yak simulacrum (IceCv)
  2 steam dragons
  2 vampire mosquitoes (D:7)
  An acid dragon (D:8)
  2 wargs
  A harpy simulacrum (IceCv)
  An orc warrior (D:7)
  A sky beast (D:6)
  2 ice beasts
  2 ogres
  A phantom (D:4)
  4 lemures (D:7)
  A kobold brigand (D:6)
  A two-headed ogre simulacrum (IceCv)
  2 gnoll sergeants
  A scorpion (D:6)
  A cane toad simulacrum (IceCv)
  4 killer bees
  An elephant simulacrum (IceCv)
  2 howler monkeys
  A jelly (D:5)
  2 hounds (D:6)
  3 orc priests
  A gnoll bouda (D:8)
  2 sleepcaps
  Ijyb (D:4)
  3 orc wizards
  7 iguanas
  2 polar bear simulacra
  10 adders
  9 gnolls
  A shadow imp (D:4)
  A white imp (D:5)
  An ufetubus (D:6)
  3 worms
  2 dart slugs (D:1)
  9 orcs
  7 endoplasms
  A giant cockroach (D:3)
  8 goblins
  5 hobgoblins
  6 jackals
  17 kobolds
  4 quokkas
  5 ball pythons
  3 bats
  5 frilled lizards
  5 rats
170 creatures vanquished.

Vanquished Creatures (collateral kills)
  A freezing wraith (IceCv)
  A killer bee (D:7)
  2 gnolls (D:8)
  An orc (D:8)
5 creatures vanquished.

Vanquished Creatures (others)
  4 ancestors
  A hexer (IceCv)
  A quokka (D:6)
6 creatures vanquished.

Grand Total: 181 creatures vanquished

Notes
Turn   | Place    | Note
-------+----------+-------------------------------------------
     0 | D:1      | Kagerus the Merfolk Gladiator began the quest for the Orb.
     0 | D:1      | Reached XP level 1. HP: 16/16 MP: 1/1
   113 | D:1      | Reached XP level 2. HP: 15/22 MP: 2/2
   235 | D:1      | Reached skill level 5 in Polearms
   451 | D:1      | Reached XP level 3. HP: 24/27 MP: 3/3
  1154 | D:2      | Reached skill level 6 in Polearms
  1325 | D:2      | Reached XP level 4. HP: 33/33 MP: 4/4
  2551 | D:3      | Noticed Grinder
  2553 | D:3      | Paralysed by Grinder for 4 turns
  2565 | D:3      | Killed Grinder
  2566 | D:3      | Reached XP level 5. HP: 42/42 MP: 5/5
  2566 | D:3      | Reached XP level 6. HP: 48/48 MP: 6/6
  3431 | D:4      | Found the +5 Force Lance {heavy, knockback}
  3620 | D:4      | Reached skill level 7 in Polearms
  3620 | D:4      | Reached XP level 7. HP: 54/54 MP: 7/7
  3848 | D:4      | Reached skill level 8 in Polearms
  3883 | D:4      | Noticed Ijyb
  3897 | D:4      | Killed Ijyb
  3929 | D:4      | Noticed Edmund
  4119 | D:4      | Found a transporter.
  4121 | D:4      | Noticed tykejmi's ghost (amateur MiHu)
  4125 | D:4      | Found a transporter.
  4402 | D:4      | Noticed Sigmund
  4441 | D:4      | Killed Sigmund
  4520 | D:5      | Entered Level 5 of the Dungeon
  4526 | D:4      | Reached skill level 5 in Fighting
  4589 | D:5      | Noticed Prince Ribbit
  4712 | D:4      | Reached skill level 1 in Armour
  4712 | D:4      | Reached XP level 8. HP: 62/62 MP: 8/8
  4765 | D:5      | Noticed a troll
  4817 | D:5      | Killed Prince Ribbit
  4970 | D:5      | Killed a troll
  5018 | D:5      | Reached skill level 5 in Throwing
  5254 | D:5      | Got the Dissertation on Disgusting Shapes
  5257 | D:5      | Learned a level 1 spell: Sting
  5507 | D:5      | Found an opulent altar of Gozag.
  5737 | D:6      | Reached skill level 1 in Transmutations
  5737 | D:6      | Reached skill level 1 in Poison Magic
  5773 | D:6      | Reached XP level 9. HP: 68/68 MP: 9/9
  5807 | D:6      | Found a white marble altar of Elyvilon.
  5832 | D:6      | Found a staircase to the Ecumenical Temple.
  5847 | Temple   | Entered the Ecumenical Temple
  6109 | Temple   | Became a worshipper of Hepliaklqana the Forgotten
  6136 | D:6      | Found a radiant altar of Vehumet.
  6141 | D:6      | Reached skill level 1 in Spellcasting
  6158 | D:6      | Reached skill level 9 in Polearms
  6549 | D:6      | Learned a level 3 spell: Mephitic Cloud
  6847 | D:7      | Noticed Pikel
  6884 | D:7      | Killed Pikel
  6885 | D:7      | Reached skill level 1 in Air Magic
  6937 | D:7      | Reached skill level 1 in Conjurations
  6947 | D:7      | Noticed Maggie
  6968 | D:7      | Killed Maggie
  6986 | D:7      | Noticed Joseph
  7026 | D:7      | Killed Joseph
  7027 | D:7      | Reached XP level 10. HP: 56/74 MP: 15/15
  7028 | D:7      | Reached skill level 10 in Polearms
  7227 | D:7      | Reached * piety under Hepliaklqana
  7699 | D:8      | Found Zyahuxuerum's Lightly-Used Armoury.
  7942 | D:8      | Noticed a cyan ugly thing
  7955 | D:8      | Found a staircase to the Lair.
  8142 | D:8      | Reached skill level 5 in Poison Magic
  8151 | D:8      | Noticed a boulder beetle
  8176 | D:8      | Learned a level 2 spell: Call Imp
  8177 | D:8      | Killed a boulder beetle
  8178 | D:8      | Reached skill level 11 in Polearms
  8605 | D:8      | Reached skill level 1 in Shields
  8605 | D:8      | Noticed a red ugly thing
  8624 | D:8      | Found a transporter.
  8626 | D:8      | Found a corrupted altar of Lugonu.
  8626 | D:8      | Found a transporter.
  8626 | D:8      | Noticed a white ugly thing
  8679 | D:8      | Found a runed translucent door.
  8679 | D:8      | Noticed Suitcaser's ghost (novice DENe)
  8770 | D:8      | Noticed a six-headed hydra
  8895 | D:8      | Identified a scroll of acquirement
  8895 | D:8      | Acquired the +1 kite shield of Makhleb's Delight {Dex+2}
  8994 | Lair:1   | Entered Level 1 of the Lair of Beasts
  9018 | Lair:1   | Reached ** piety under Hepliaklqana
  9019 | Lair:1   | Remembered your ancestor Chitauli as a hexer
  9027 | Lair:1   | Noticed a cane toad
  9033 | Lair:1   | Killed a cane toad
  9069 | Lair:1   | Found a frozen archway.
  9082 | IceCv    | Entered an ice cave
  9490 | IceCv    | Reached skill level 1 in Summonings
  9490 | IceCv    | Reached XP level 11. HP: 44/75 MP: 16/16
  9495 | IceCv    | HP: 1/75 [something (10)]
  9496 | IceCv    | Engulfed by a cloud of freezing vapour

Illustrated notes

Levels and vault maps discovered:
D:1:      minmay_arrival_doors, layout_loops_corners
D:2:      minmay_wonky_spiral, layout_basic
D:3:      layout_basic, minmay_quantized, uniq_grinder
D:4:      layout_loops_corners, gammafunk_ghost_mausoleum, serial_glass,
          glass_columns_c, glass_columns_c, feat_on_display,
          due_unseen_surprise, sigmund_edmund_badplayer, uniq_ijyb
D:5:      layout_loops_ring, kennysheep_mini, minmay_checkerbox,
          uniq_prince_ribbit1, uniq_sigmund
D:6:      layout_gridville, elyvilon_altar_4, vehumet_crystals,
          minmay_temple_entry_trees
D:7:      layout_loops_ring, hex_large, mrwooster_statue_mirror, uniq_joseph,
          uniq_pikel, uniq_maggie
D:8:      gammafunk_corrupted_shrine, layout_rooms,
          gammafunk_temple_overflow_wave, erik_lair_orcish_takeover,
          gammafunk_ghost_grave, minmay_shop_damaged, minmay_evil_grid
D:9:      layout_long_grid, nicolae_overflow_crystal_walls, serial_rivers,
          chequers_serial_rivers_micro_b, chequers_serial_rivers_micro_e,
          chequers_serial_rivers_micro_c, chequers_serial_rivers_small_b
Temple:   dpeg_chambers_temple
Lair:1:   layout_chaotic_city, portal_ice_cave_entry_ice_simulacra,
          serial_bayou_pond_e, grunt_megastairs_4, serial_bayou_shore_b,
          infiniplex_staircase_pool
IceCv:    ice_cave_small_necro

Skill      XL: |  1  2  3  4  5  6  7  8  9 10 11 |
---------------+----------------------------------+-----
Polearms       | 5 6 7 8 9 11 | 11.2
Fighting       | 4 5 7 |  7.1
Dodging        | 6 7 |  7.0
Throwing       | 3 5 |  5.5
Armour         | 1 3 |  3.2
Transmutations | 1 2 |  2.3
Poison Magic   | 1 3 5 |  5.0
Spellcasting   | 3 |  3.3
Air Magic      | 1 3 |  3.3
Conjurations   | 3 |  3.4
Shields        | 3 4 |  4.0
Summonings     | 1 |  1.6

Action                     |  1- 3 |  4- 6 |  7- 9 | 10-12 || total
---------------------------+-------+-------+-------+-------++-------
  Melee: Trident           |   103 |   170 |   102 |       ||   375
         Punch             |       |     1 |       |       ||     1
         Halberd           |       |       |   157 |   103 ||   260
         Lance             |       |       |       |    50 ||    50
  Throw: Dart              |       |     7 |     8 |     1 ||    16
         Boomerang         |       |     5 |     9 |       ||    14
         Throwing net      |       |     1 |     3 |       ||     4
   Cast: Sting             |       |       |     1 |     3 ||     4
 Invoke: Ancestor Life: He |       |       |       |     1 ||     1
         Ancestor Identity |       |       |       |     1 ||     1
  Evoke: Wand              |       |       |       |     1 ||     1
    Use: Scroll            |     1 |     5 |     5 |     5 ||    16
         Potion            |       |       |       |     7 ||     7
   Stab: Sleeping          |     4 |     4 |     1 |       ||     9
         Held in net/web   |       |     1 |     2 |       ||     3
         Distracted        |       |       |       |     2 ||     2
 Armour: Leather armour    |    20 |    31 |    68 |    49 ||   168
         Acid dragon scale |       |       |       |     4 ||     4
  Dodge: Dodged            |    42 |   101 |   142 |    92 ||   377
  Block: Buckler           |       |       |       |    13 ||    13
